[Event "*** Titled Tuesday Blitz"]
[Site "Chess.com"]
[Date "2021.04.20"]
[Round "2"]
[White "nrvisakh"]
[Black "sergeikim"]
[Result "1-0"]
[WhiteElo "2791"]
[BlackElo "2529"]
[TimeControl "180+1"]
[EndTime "10:17:15 PDT"]
[Termination "nrvisakh won by checkmate"]

1. Nf3 Nf6 2. g3 g6 3. Bg2 Bg7 4. O-O d6 5. c4 O-O 6. Nc3 e5 7. d3 Nh5 8. d4 exd4 9. Nxd4 Nd7 10. b3 Re8 11. Bb2 Nc5 12. e3 Nf6 13. Qc2 c6 14.
Rad1 Qe7 15. Rfe1 Nce4 16. Nxe4 Nxe4 17. f3 Nc5 18. e4 a5 19. Ne2 Be5 20. Nd4 Qc7 21.
Kh1 Qb6 22. Bc3 a4 23. b4 Ne6 24. Nxe6 Bxe6 25. c5 Qc7 26. f4 Bxc3 27. cxd6 Qd7 28. Qxc3 Bxa2 29. f5 Bb3 30. Rd2 Rac8 31. Qe3 c5 32. Qh6 Kh8 33. Bh3 f6 34. fxg6 Be6 35.
Bxe6 Rxe6 36. bxc5 Rxc5 37. Qf8# 1-0

[Event "*** Titled Tuesday Blitz"]
[Site "Chess.com"]
[Date "2021.04.20"]
[Round "2"]
[White "DeTimmerman"]
[Black "Koalaskakistis"]
[Result "1-0"]
[WhiteElo "2819"]
[BlackElo "2537"]
[TimeControl "180+1"]
[EndTime "10:17:16 PDT"]
[Termination "DeTimmerman won on time"]

1. b4 f5 2. Bb2 d6 3. b5 e5 4. a4 Nf6 5. c4 g6 6. e3 Bg7 7. Nf3 O-O 8. Be2 a5 9. O-O Nbd7 10. d4 e4 11. Nfd2 h5 12. Nc3 h4 13.
f3 exf3 14. Bxf3 Qe7 15. Re1 Qf7 16. e4 fxe4 17. Ncxe4 Nxe4 18. Rxe4 g5 19. Rxh4 Ne5 20. dxe5 gxh4 21. Qe2 Be6 22. Bxb7 Rad8 23. Re1 dxe5 24.
h3 Qf2+ 25. Qxf2 Rxf2 26. Kxf2 Rxd2+ 27. Re2 Rxe2+ 28. Kxe2 Bxc4+ 29. Ke3 Bb3 30. Bc3 Bxa4 31. Bc6 Bf8 32. Bxa5 Bd6 33. Be1 Kf7 34. Bxh4 Bb3 35. g4 Bc4 36. Bg3 Bf1 37. h4 Bh3 38. Bf3 Bf1 39.
h5 Bxb5 40. g5 Bc5+ 41. Kd2 Bd4 42. Be4 Be8 43. h6 Kg8 44. Bh4 1-0

[Event "*** Titled Tuesday Blitz"]
[Site "Chess.com"]
[Date "2021.04.20"]
[Round "2"]
[White "dretch"]
[Black "anon481216"]
[Result "0-1"]
[WhiteElo "2777"]
[BlackElo "2547"]
[TimeControl "180+1"]
[EndTime "10:17:16 PDT"]
[Termination "anon481216 won on time"]

1. d4 d5 2. c4 dxc4 3. e3 e5 4. Bxc4 exd4 5. exd4 Nf6 6. Qb3 Qe7+ 7. Ne2 Qb4+ 8.
Nbc3 Qxb3 9. Bxb3 c6 10. O-O Be7 11. Re1 O-O 12. Ng3 Bb4 13. Bg5 Nbd7 14. a3 Bxc3 15. bxc3 h6 16. Bf4 Nd5 17. Bd6 Rd8 18. c4 N5b6 19.
Be7 Re8 20. Nf5 Ne5 21. Nxh6+ gxh6 22. Rxe5 Be6 23. Rae1 Bxc4 24. Bc2 Nd5 25. Bh4 Rxe5 26. dxe5 b5 27. e6 Kf8 28. exf7 Kxf7 29. Bf5 a5 30. Be6+ Kf8 31. Bd7 Ra6 32. Bg3 b4 33. Bd6+ Kf7 0-1

[Event "*** Titled Tuesday Blitz"]
[Site "Chess.com"]
[Date "2021.04.20"]
[Round "2"]
[White "Kislov_Oleg"]
[Black "sokidze"]
[Result "0-1"]
[WhiteElo "2507"]
[BlackElo "2746"]
[TimeControl "180+1"]
[EndTime "10:17:17 PDT"]
[Termination "sokidze won by resignation"]

1. e4 c5 2. Nf3 Nc6 3. c3 Nf6 4. e5 Nd5 5. d4 cxd4 6. cxd4 d6 7.
Bc4 Nb6 8. Bb5 dxe5 9. Nxe5 Bd7 10. Nxd7 Qxd7 11. Nc3 Rd8 12. O-O e6 13. Be3 Be7 14.
Qg4 O-O 15. Rad1 Kh8 16. Qh5 Nd5 17. Bd3 g6 18. Qh3 Nxe3 19. fxe3 f5 20. Bb1 Bf6 21. d5 Bxc3 22. bxc3 exd5 23. e4 Ne7 24. exd5 Qd6 25. c4 b5 26. Qc3+ Kg8 27. c5 Nxd5 28. Qd4 Qf6 29.
Bc2 Qxd4+ 30. Rxd4 Nc7 31. Bb3+ Kg7 32. Rfd1 Rxd4 33. Rxd4 Rc8 34. Rd7+ Kf6 35. Rxh7 Ne6 36. Rxa7 Nxc5 37. Rb7 Nxb7 38. Kf2 Rc7 39. Ke3 Nc5 0-1

[Event "*** Titled Tuesday Blitz"]
[Site "Chess.com"]
[Date "2021.04.20"]
[Round "2"]
[White "googlegoom"]
[Black "cukin84"]
[Result "0-1"]
[WhiteElo "2387"]
[BlackElo "2124"]
[TimeControl "180+1"]
[EndTime "10:17:17 PDT"]
[Termination "cukin84 won by resignation"]

1. Nf3 f5 2. b3 Nf6 3. Bb2 g6 4. e3 Bg7 5. d4 d6 6. Nbd2 O-O 7. Bd3 Qe8 8. O-O Nbd7 9. c4 e5 10. dxe5 dxe5 11. e4 f4 12. b4 h6 13. Nh4 Kh7 14. c5 Nb8 15. Qc2 Nc6 16. a3 a6 17.
Rfe1 Qe7 18. Nc4 Ng4 19. Nf3 h5 20. h3 Nh6 21. h4 Nf7 22. Rad1 Bg4 23. Be2 Bxf3 24.
Bxf3 Qxh4 25. Rd7 Rad8 26. Rxc7 Nd4 27. Bxd4 Rxd4 28. Rd1 Ng5 29. Qc3 Rfd8 30. Nd6 Rxd1+ 31. Bxd1 Ne6 32. Rxg7+ Nxg7 33. Qxe5 Rd7 34. Bc2 Re7 35. Qd5 Qg4 36. e5 f3 37. g3 Rxe5 38. Qd3 Re1+ 39.
Kh2 Rh1+ 0-1

[Event "*** Titled Tuesday Blitz"]
[Site "Chess.com"]
[Date "2021.04.20"]
[Round "2"]
[White "JiiHart"]
[Black "Matensien"]
[Result "0-1"]
[WhiteElo "1993"]
[BlackElo "2374"]
[TimeControl "180+1"]
[EndTime "10:17:17 PDT"]
[Termination "Matensien won on time"]

1. e4 c5 2. Nf3 g6 3. d4 cxd4 4.
Nxd4 Nc6 5. c4 Nf6 6. Nc3 d6 7. Be2 Bg7 8. Be3 O-O 9. O-O Bd7 10. Qd2 Nxd4 11. Bxd4 Bc6 12. Bd3 a5 13. Rfe1 a4 14.
Rac1 Qa5 15. h4 a3 16. b3 h5 17. f3 Rfc8 18. Qe3 Qb4 19. Nd5 Bxd5 20. exd5 Nxd5 21. Qf2 Nf4 22. Bxg7 Nxd3 23. Qe3 Qc5 24. Bd4 Qf5 25. Qh6 e5 26. Be3 Nxc1 27. Bxc1 d5 28. cxd5 Rc2 29. d6 Rxa2 30. Bg5 Qc2 0-1

[Event "*** Titled Tuesday Blitz"]
[Site "Chess.com"]
[Date "2021.04.20"]
[Round "2"]
[White "ChessLover0108"]
[Black "davidkalashian"]
[Result "0-1"]
[WhiteElo "2717"]
[BlackElo "2517"]
[TimeControl "180+1"]
[EndTime "10:17:18 PDT"]
[Termination "davidkalashian won on time"]

1. Nf3 Nf6 2. b3 e6 3. Bb2 d5 4.
e3 Be7 5. c4 O-O 6. d4 c5 7.
cxd5 Nxd5 8. Bd3 Nc6 9. O-O Bf6 10. Bb5 Bd7 11. Na3 cxd4 12. Nxd4 Nxd4 13. Bxd4 Bxb5 14. Nxb5 a6 15. Bxf6 Qxf6 16. Nd4 Rfd8 17. Qg4 Rac8 18. h3 g6 19. Rac1 h5 20. Qe4 Qe7 21. Qe5 Qf6 22.
Qe4 Qe7 23. Qf3 Kg7 24. Rfd1 Nc3 25. Re1 Nxa2 26. Ra1 Nb4 27. Ra5 Nc2 28. Rd1 Qb4 29. Ra4 Nxd4 30. exd4 Qb5 31. h4 Rd5 32. g3 Rc2 33. Qe3 Qc6 0-1

[Event "*** Titled Tuesday Blitz"]
[Site "Chess.com"]
[Date "2021.04.20"]
[Round "2"]
[White "Lion-Al-Messi"]
[Black "NONmaster99"]
[Result "0-1"]
[WhiteElo "2488"]
[BlackElo "2327"]
[TimeControl "180+1"]
[EndTime "10:17:18 PDT"]
[Termination "NONmaster99 won on time"]

1. e4 e5 2. Nf3 Nc6 3. Bb5 Bc5 4. O-O Nge7 5. c3 Bb6 6. d4 exd4 7. cxd4 d5 8. Nc3 O-O 9. Bg5 f6 10. Bf4 Bg4 11. Qb3 Bxf3 12. Nxd5 Nxd5 13. gxf3 Nxd4 14. Qc4 Nxb5 15. exd5 Nd6 16. Qd3 Qd7 17. Kg2 Rfe8 18. Bg3 Re7 19. b4 Qf5 20. Qd2 Rae8 21. a4 Re2 22.
Qd1 a5 23. bxa5 Bxa5 24. Qb3 b6 25. Rac1 R8e7 26. Rc6 h6 27. Rfc1 Kh7 28. Rxc7 Rxc7 29. Rxc7 Rd2 30. Bxd6 Rd3 31. Qc2 Qxf3+ 32. Kg1 f5 33.
Re7 Rd1+ 34. Qxd1 Qxd1+ 35. Kg2 Qxd5+ 0-1

[Event "*** Titled Tuesday Blitz"]
[Site "Chess.com"]
[Date "2021.04.20"]
[Round "2"]
[White "Diaschess88"]
[Black "kubal123"]
[Result "1-0"]
[WhiteElo "2455"]
[BlackElo "2231"]
[TimeControl "180+1"]
[EndTime "10:17:19 PDT"]
[Termination "Diaschess88 won by resignation"]

1. d4 Nf6 2. c4 g6 3. Nc3 d5 4. Nf3 Bg7 5. Bg5 Ne4 6. cxd5 Nxg5 7. Nxg5 e6 8. Qd2 exd5 9. Qe3+ Kf8 10. Qf4 Bf6 11.
h4 h6 12. Nf3 Kg7 13. e3 c6 14. Bd3 h5 15. O-O-O Nd7 16. e4 Nf8 17. e5 Be7 18. Ng5 Bxg5 19. hxg5 Ne6 20. Qf6+ Qxf6 21. gxf6+ Kf8 22.
Ne2 Bd7 23. f4 c5 24. g4 Nxd4 25. Nxd4 cxd4 26. gxh5 Rxh5 27. Rxh5 gxh5 28. Be2 Rc8+ 29. Kd2 Bf5 30. Bd3 Bg4 31. Re1 Ke8 32. f5 Kf8 33. e6 a6 34. Re5 Rc5 35. Be4 b6 36. Bxd5 h4 37. e7+ Ke8 38. Bxf7+ 1-0

[Event "*** Titled Tuesday Blitz"]
[Site "Chess.com"]
[Date "2021.04.20"]
[Round "2"]
[White "Sychev_Klementy"]
[Black "gmpeter008"]
[Result "1-0"]
[WhiteElo "2897"]
[BlackElo "2463"]
[TimeControl "180+1"]
[EndTime "10:17:21 PDT"]
[Termination "Sychev_Klementy won by resignation"]

1. e4 d5 2. exd5 Qxd5 3. Nc3 Qd8 4. d4 g6 5. Nf3 Bg7 6. Bc4 Nf6 7. O-O O-O 8. Re1 a6 9. a4 b6 10. Bg5 Bb7 11.
d5 Nbd7 12. Qd2 c6 13. d6 e6 14. Ne4 c5 15. Nxf6+ Bxf6 16. Bh6 Bxf3 17. Bxf8 Qxf8 18. gxf3 Ne5 19. Be2 Rd8 20. Rad1 Nc6 21. c3 Be5 22. d7 Qe7 23. f4 Bc7 24. Qe3 Nb8 25. a5 b5 26. Bg4 Nxd7 27. f5 Ne5 28. Rxd8+ Qxd8 29. fxe6 Nxg4 30. exf7+ Kg7 31. Qe8 Bxh2+ 32. Kg2 Qd5+ 33. Re4 Bd6 34. Qg8+ Kh6 35. f8=Q+ Bxf8 36. Qxd5 1-0

[Event "*** Titled Tuesday Blitz"]
[Site "Chess.com"]
[Date "2021.04.20"]
[Round "2"]
[White "MrChampion_Coach"]
[Black "Revnov"]
[Result "0-1"]
[WhiteElo "2405"]
[BlackElo "2660"]
[TimeControl "180+1"]
[EndTime "10:17:22 PDT"]
[Termination "Revnov won by checkmate"]

1. d4 e6 2. c4 Bb4+ 3. Nc3 f5 4. g3 Nf6 5. Bg2 O-O 6. Nh3 Bxc3+ 7. bxc3 Nc6 8. O-O d6 9. Ba3 Qe7 10. Qc2 Bd7 11. Rfe1 b6 12. c5 bxc5 13. dxc5 d5 14. c4 d4 15. e3 dxe3 16. Rxe3 Rae8 17. Rd1 e5 18. Nf4 Qf7 19. Nd3 Kh8 20. Bb2 f4 21. gxf4 Ng4 22. Nxe5 Ncxe5 23. Rxe5 Nxe5 24. Bxe5 Bf5 25. Qc3 Re6 26. Kh1 Rg6 27. Bd5 Qe7 28. Re1 c6 29.
Bf3 Qh4 30. Rg1 Qh6 31. Qd4 Rg8 32. Rxg6 Qxg6 33. Qe3 Re8 34. Qc3 h6 35. Bg2 Be4 36. h3 Qxg2# 0-1

[Event "*** Titled Tuesday Blitz"]
[Site "Chess.com"]
[Date "2021.04.20"]
[Round "2"]
[White "FMJoseHerrera"]
[Black "fabianvivasz"]
[Result "0-1"]
[WhiteElo "2638"]
[BlackElo "2341"]
[TimeControl "180+1"]
[EndTime "10:17:23 PDT"]
[Termination "fabianvivasz won by resignation"]

1. Nf3 c5 2. g3 Nf6 3. Bg2 g6 4. d3 Bg7 5. Nc3 d5 6. h4 d4 7. Nb1 h6 8. O-O Nc6 9. e4 dxe3 10. fxe3 Qc7 11. Qe1 Nh5 12. Kh2 Ne5 13. Nc3 Ng4+ 14. Kg1 Nxg3 15. Nb5 Qb8 16. Rf2 Bd7 17. Nc3 Bc6 18.
e4 Nxf2 19. Qxf2 Nh5 20. Qxc5 Qg3 21. Be3 Nf4 22. Bxf4 Qxf4 23. Rf1 O-O-O 24. Qxe7 Rhe8 25. Qa3 Qe3+ 26. Kh1 f5 27. Re1 Qb6 28. Nd2 f4 29.
Nc4 Qf2 30. Re2 Qxh4+ 31. Kg1 Bd4+ 32. Kf1 f3 33. Bxf3 Qh3+ 34. Bg2 Rf8+ 35. Ke1 Qg3+ 36. Kd1 Rf2 37. Na5 Rxg2 38. Nxc6 Rg1+ 39. Kd2 Qf4+ 0-1

[Event "*** Titled Tuesday Blitz"]
[Site "Chess.com"]
[Date "2021.04.20"]
[Round "2"]
[White "JoachimMouhamad"]
[Black "Irishchessman16"]
[Result "0-1"]
[WhiteElo "2451"]
[BlackElo "2286"]
[TimeControl "180+1"]
[EndTime "10:17:23 PDT"]
[Termination "Irishchessman16 won by resignation"]

1. e4 c5 2. Nf3 Nc6 3. d4 cxd4 4.
Nxd4 Nf6 5. Nc3 e5 6. Ndb5 d6 7. Bg5 a6 8. Na3 b5 9. Nd5 Be7 10. Bxf6 Bxf6 11. c3 Bg5 12. Nc2 Rb8 13. Be2 O-O 14.
O-O Be6 15. Qd3 a5 16. Rad1 Qd7 17. Qg3 Bd8 18. Nce3 g6 19. Rd2 Kh8 20. f4 exf4 21.
Rxf4 Qa7 22. Kh1 b4 23. c4 Ne5 24. Bf1 b3 25. a3 Rc8 26. Rdf2 Qd4 27. h4 h5 28. Kh2 Kh7 29. Rf6 Qxe4 30. R6f4 Qb1 31. Nf6+ Bxf6 32. Rxf6 Qe4 33. R6f4 Qb1 34. Bd3 Nxd3 35.
Rf1 Qxb2 36. R4f3 Qe5 0-1

[Event "*** Titled Tuesday Blitz"]
[Site "Chess.com"]
[Date "2021.04.20"]
[Round "2"]
[White "Varinius"]
[Black "Beca95"]
[Result "0-1"]
[WhiteElo "2404"]
[BlackElo "2833"]
[TimeControl "180+1"]
[EndTime "10:17:24 PDT"]
[Termination "Beca95 won by resignation"]

1. d4 d5 2. Nf3 Nf6 3. c4 c6 4.
Nc3 dxc4 5. g3 Nbd7 6. Bg2 g6 7. b3 cxb3 8. Qxb3 Bg7 9. O-O O-O 10. Rd1 Nb6 11. Ne5 Be6 12. Qa3 Re8 13. Rb1 Qc8 14. Na4 Nc4 15. Nxc4 Bxc4 16. e3 Bd5 17. f3 b6 18. e4 Bc4 19. Nb2 Be2 20. Re1 Bb5 21.
Be3 Qb7 22. Rbc1 h5 23. Nc4 Rac8 24. Qb3 Bxc4 25. Qxc4 e6 26. Re2 Red8 27. Rec2 Qd7 28. h3 Kh7 29. f4 Bf8 30. Bf2 Ba3 31. Rb1 Be7 32. Rb3 c5 33. d5 exd5 34. exd5 Ne8 35.
Re3 Bf6 36. Rce2 Nd6 37. Qc2 Re8 38. Bf3 Qxh3 39. Bg2 Qd7 40. Bf3 Kg7 41. Kg2 Rxe3 42. Rxe3 Re8 43. Qe2 Rxe3 44. Qxe3 Qa4 45. g4 hxg4 46.
Bxg4 Qxa2 47. f5 Bd4 48. Qf3 Qxf2+ 0-1

[Event "*** Titled Tuesday Blitz"]
[Site "Chess.com"]
[Date "2021.04.20"]
[Round "2"]
[White "Harry_Rakkel"]
[Black "FredyMatsuura"]
[Result "1-0"]
[WhiteElo "2601"]
[BlackElo "2333"]
[TimeControl "180+1"]
[EndTime "10:17:24 PDT"]
[Termination "Harry_Rakkel won by resignation"]

1. Nf3 Nf6 2. c4 e6 3. g3 a6 4. Bg2 b5 5. d3 Bb7 6. O-O c5 7. Nbd2 Be7 8. b3 O-O 9. Bb2 d6 10. e4 Nbd7 11. h3 Qb6 12. Qe2 Rad8 13. Nh2 bxc4 14.
Nxc4 Qc7 15. Rac1 Nb6 16. Ne3 Nfd7 17. f4 Bf6 18. d4 Qb8 19. e5 Be7 20. exd6 Bxd6 21.
Nhg4 Bxg2 22. Qxg2 Qa8 23. Qc2 cxd4 24. Bxd4 Rc8 25.
Qb2 f6 26. Rcd1 Qc6 27. Rf2 Bc5 28. Rc2 Qb5 29. Bxc5 Rxc5 30. Rcd2 Rc7 31. Nf2 Qc6 32. Nf1 Qf3 33. Qa3 Nd5 34. Qd6 Nc3 35. Qxc7 Nxd1 36. Rxd1 Nb8 37. Qe7 e5 38. Rd8 1-0

[Event "*** Titled Tuesday Blitz"]
[Site "Chess.com"]
[Date "2021.04.20"]
[Round "2"]
[White "szachuspl"]
[Black "Jumbo"]
[Result "1-0"]
[WhiteElo "2556"]
[BlackElo "2804"]
[TimeControl "180+1"]
[EndTime "10:17:25 PDT"]
[Termination "szachuspl won by checkmate"]

1. d4 Nf6 2. c4 e6 3. Nf3 Bb4+ 4. Nbd2 O-O 5. a3 Be7 6. e4 d6 7.
Bd3 e5 8. O-O Nfd7 9. b4 exd4 10. Nxd4 Bf6 11. N2b3 c5 12. Nb5 Bxa1 13. Nxa1 Nc6 14.
Nxd6 cxb4 15. Nb3 a5 16. axb4 Nxb4 17. Bb1 a4 18. Ba3 Qb6 19. Nc1 Nc5 20. Nf5 Bxf5 21. exf5 Rad8 22. Qg4 f6 23. Ne2 Rfe8 24. Ng3 Nbd3 25.
Nh5 Rd7 26. h4 Kh8 27. Bc2 Ne5 28. Qg3 Nxc4 29. Rb1 Nb3 30. Bc1 Re1+ 31. Kh2 Qc6 32. Bh6 gxh6 33. Rxe1 Qc7 34. Re8# 1-0

[Event "*** Titled Tuesday Blitz"]
[Site "Chess.com"]
[Date "2021.04.20"]
[Round "2"]
[White "Fighterman91"]
[Black "pirulillo"]
[Result "1-0"]
[WhiteElo "2630"]
[BlackElo "2218"]
[TimeControl "180+1"]
[EndTime "10:17:25 PDT"]
[Termination "Fighterman91 won by resignation"]

1. e4 c5 2. Nf3 e6 3. d4 cxd4 4. Nxd4 Nf6 5. Nc3 Nc6 6. Nxc6 bxc6 7. e5 Nd5 8. Ne4 Bb7 9. c4 Nb4 10. a3 c5 11. axb4 Bxe4 12. b5 d5 13. exd6 Bxd6 14. Qg4 Bg6 15. Be2 Qc7 16. h4 O-O 17. O-O f5 18. Qh3 e5 19. h5 Be8 20. Bg5 Bd7 21. Rfd1 e4 22. h6 g6 23. Qh4 Be6 24. Ra6 Rf7 25.
Raxd6 Raf8 26. Rxe6 f4 27. Re7 Qc8 28. Rxf7 Rxf7 29.
Rd8+ Qxd8 30. Bxd8 Kf8 31. Qg5 Ke8 32. Qf6 Rxf6 33. Bxf6 Kf7 34. Be5 f3 35. gxf3 1-0

[Event "*** Titled Tuesday Blitz"]
[Site "Chess.com"]
[Date "2021.04.20"]
[Round "2"]
[White "UKR_Master"]
[Black "Abund"]
[Result "0-1"]
[WhiteElo "2500"]
[BlackElo "2733"]
[TimeControl "180+1"]
[EndTime "10:17:26 PDT"]
[Termination "Abund won by resignation"]

1. e4 c5 2. Nf3 d6 3. d4 cxd4 4. Nxd4 Nf6 5. Nc3 a6 6. h3 e5 7. Nde2 Be7 8. g4 h6 9. Bg2 Nbd7 10. Ng3 Nc5 11. Nf5 Bf8 12. a4 g6 13. Ne3 Bd7 14.
O-O Ne6 15. Ned5 Rc8 16. Be3 Nxd5 17. exd5 Nc5 18. f4 Bg7 19. fxe5 Bxe5 20. Qf3 Qe7 21.
Rae1 Nxa4 22. Nxa4 Bxa4 23. c3 Bb5 24. Rf2 O-O 25.
Bxh6 Bh2+ 26. Kxh2 Qxe1 27. Bxf8 Qe5+ 28. Qf4 Qxf4+ 29.
Rxf4 Kxf8 30. h4 Re8 31. Re4 Re5 32. Rxe5 dxe5 33. d6 b6 34. Bd5 f5 35. gxf5 gxf5 36. Be6 f4 37. h5 e4 38. h6 e3 39. Kg2 Bc6+ 40. Kf1 f3 41. c4 Be4 0-1

[Event "*** Titled Tuesday Blitz"]
[Site "Chess.com"]
[Date "2021.04.20"]
[Round "2"]
[White "draksbg"]
[Black "MarcoRiehle"]
[Result "0-1"]
[WhiteElo "2473"]
[BlackElo "2707"]
[TimeControl "180+1"]
[EndTime "10:17:28 PDT"]
[Termination "MarcoRiehle won by checkmate"]

1. e4 e5 2. Nf3 Nf6 3. d4 Nxe4 4. Bd3 Nc6 5. Bxe4 d5 6. Bd3 e4 7.
Be2 exf3 8. Bxf3 Bd6 9. c3 O-O 10.
O-O Ne7 11. Bg5 f6 12. Bh4 c6 13. Bg3 Bf5 14. Nd2 Ng6 15. Re1 Nf4 16. Nf1 Qd7 17.
Ne3 Be6 18. Qd2 Rfe8 19. Nc2 g5 20. Nb4 Bf5 21. h4 Rxe1+ 22. Rxe1 Re8 23. Rxe8+ Qxe8 24. hxg5 fxg5 25. Nc2 h5 26. Ne3 Be4 27. Qd1 h4 28.
Bh2 Qe7 29. Bxf4 Bxf4 30. Ng4 Bxf3 31. gxf3 Kg7 32. Kg2 b5 33. Qd3 Qe6 34. b3 a5 35.
a4 b4 36. cxb4 axb4 37. a5 Qe1 38. Ne5 h3+ 39. Kxh3 Qh1+ 40. Kg4 Bxe5 41. f4 Qh4+ 42. Kf5 Qxf4+ 43. Ke6 Qf6+ 44. Kd7 Qd6+ 45. Ke8 Bf6 46. Qe2 Qd8# 0-1

[Event "*** Titled Tuesday Blitz"]
[Site "Chess.com"]
[Date "2021.04.20"]
[Round "2"]
[White "Rozhkov_V"]
[Black "shineatchess"]
[Result "1-0"]
[WhiteElo "2428"]
[BlackElo "2195"]
[TimeControl "180+1"]
[EndTime "10:17:28 PDT"]
[Termination "Rozhkov_V won by resignation"]

1. e4 Nf6 2. Nc3 d5 3. e5 Ne4 4. Nce2 d4 5. d3 Nc5 6. f4 Nc6 7. Nf3 Bg4 8. Ng3 e6 9. h3 Bxf3 10. Qxf3 Nb4 11. Qf2 Qh4 12. Kd1 O-O-O 13. Be2 Kb8 14.
Rf1 Qe7 15. Bf3 Qd7 16. Ne4 Be7 17. a3 Nbxd3 18. cxd3 Nxd3 19. Qc2 Qb5 20. Be2 Nf2+ 21. Nxf2 d3 22. Bxd3 Rd5 23. Bd2 Qd7 24. Ke2 Rd8 25.
Be3 Bh4 26. Rfd1 f6 27. Be4 Qb5+ 28. Kf3 Rxd1 29. Rxd1 fxe5 30. Rxd8+ Bxd8 31. Qd3 Qe8 32. fxe5 a6 33. Qd4 Qf8+ 34. Ke2 h6 35. Qa7+ Kc8 36.
Qxb7+ Kd7 37. Bc6+ Ke7 38. Bc5+ 1-0

[Event "*** Titled Tuesday Blitz"]
[Site "Chess.com"]
[Date "2021.04.20"]
[Round "2"]
[White "Leo_C"]
[Black "BashirliSaadat"]
[Result "1-0"]
[WhiteElo "2424"]
[BlackElo "2192"]
[TimeControl "180+1"]
[EndTime "10:17:28 PDT"]
[Termination "Leo_C won on time"]

1. d4 d5 2. c4 e6 3. Nc3 c6 4. e4 dxe4 5. Nxe4 Nf6 6. Nc3 Bb4 7. Nf3 O-O 8. a3 Bxc3+ 9. bxc3 Bd7 10. Bd3 h6 11. O-O Na6 12. Rb1 Rb8 13. Bf4 Nc7 14.
Qa4 Qc8 15. Qa5 b6 16. Qxa7 Rb7 17. Qa4 c5 18. Qc2 cxd4 19. cxd4 Na6 20. c5 b5 21. Bd6 Re8 22. Ne5 Bc6 23. a4 Bd5 24. axb5 Nc7 25. b6 Na8 26. Rfc1 Qd8 27. Ra1 Nd7 28. Rxa8 Qxa8 29.
Nxd7 Qa3 30. Ne5 Bb3 31. Qc3 Qa2 32. Ra1 Ra8 33. Rxa2 Bxa2 34. h4 Bd5 35. c6 1-0

[Event "*** Titled Tuesday Blitz"]
[Site "Chess.com"]
[Date "2021.04.20"]
[Round "2"]
[White "Ze-Pequeno"]
[Black "MeekMammoth2"]
[Result "0-1"]
[WhiteElo "2232"]
[BlackElo "2453"]
[TimeControl "180+1"]
[EndTime "10:17:29 PDT"]
[Termination "MeekMammoth2 won by resignation"]

1. e4 e5 2. Nf3 Nc6 3. Nc3 Nf6 4. d4 exd4 5. Nxd4 Bb4 6. Nxc6 bxc6 7. Bd3 d5 8. exd5 cxd5 9. O-O O-O 10. Bg5 c6 11. Qf3 Bd6 12. h3 Rb8 13. b3 Be5 14. Bd2 Bc7 15.
Bf4 Be6 16. Rad1 Rb4 17. Bxc7 Qxc7 18. Rfe1 Qa5 19. Ne2 Ne4 20. c3 Rb6 21. Bb1 Nf6 22. Nd4 c5 23. Nxe6 Rxe6 24. Rxe6 fxe6 25. Qe3 Re8 26. Qe5 Qa6 27. Re1 Qb6 28. Bd3 Kf7 29.
c4 Qb8 30. Qg5 d4 31. Qxc5 e5 32. Qc6 Re6 33. Qc5 Qb6 34. Qc8 e4 35. Bf1 d3 36. c5 Qb4 37. Qc7+ Re7 0-1

[Event "*** Titled Tuesday Blitz"]
[Site "Chess.com"]
[Date "2021.04.20"]
[Round "2"]
[White "FMalexhdez"]
[Black "Tactictic"]
[Result "0-1"]
[WhiteElo "2209"]
[BlackElo "2439"]
[TimeControl "180+1"]
[EndTime "10:17:29 PDT"]
[Termination "Tactictic won by resignation"]

1. e4 c5 2. Nf3 d6 3. d4 cxd4 4. Nxd4 Nf6 5. Nc3 a6 6. h3 e5 7. Nde2 h5 8. g3 Be6 9. Bg5 Nbd7 10. Bg2 g6 11. Nd5 Bxd5 12. exd5 Bg7 13. O-O O-O 14. c4 Rc8 15. b3 Re8 16. Nc3 Qc7 17. Rc1 b6 18. Re1 Nh7 19. Be3 f5 20. f4 exf4 21.
Bxf4 Ne5 22. Kh2 Qf7 23. Ne2 g5 24. Bxe5 Bxe5 25. Kg1 f4 26. Nd4 fxg3 27. Rf1 Qg6 28. Ne6 Nf8 29. Bf3 Nxe6 30. Bxh5 Bd4+ 31. Kh1 Qe4+ 32.
Bf3 Qh4 33. Bg4 Ng7 34. Qxd4 Re2 35. Qf6 g2+ 36. Kg1 gxf1=Q+ 37. Rxf1 Qg3+ 0-1

[Event "*** Titled Tuesday Blitz"]
[Site "Chess.com"]
[Date "2021.04.20"]
[Round "2"]
[White "starplatinum2030"]
[Black "TST2014"]
[Result "0-1"]
[WhiteElo "2249"]
[BlackElo "2641"]
[TimeControl "180+1"]
[EndTime "10:17:30 PDT"]
[Termination "TST2014 won by resignation"]

1. e4 c5 2. Nf3 Nc6 3. d4 cxd4 4.
Nxd4 Nf6 5. Nc3 d6 6. Bg5 e6 7. Qd2 a6 8. f3 Bd7 9. O-O-O b5 10. Nxc6 Bxc6 11. Kb1 Be7 12. h4 h6 13. Be3 Nd7 14.
g4 b4 15. Ne2 d5 16. Nd4 Bb7 17. exd5 Bxd5 18. Be2 Ne5 19. h5 Qa5 20. Nb3 Qc7 21.
Bf4 Bd6 22. Rhf1 Nc4 23. Bxc4 Bxf4 24. Bxd5 Bxd2 25. Bxa8 O-O 26. Rxd2 Rxa8 27. Rfd1 a5 28. Rd7 Qb6 29. R7d3 a4 30. Nd4 Rc8 31. Ne2 Qc6 32. R1d2 Qc5 33. Nd4 a3 34. b3 Qe5 35. Re2 Qf6 36.
Red2 Rc3 37. Rxc3 bxc3 38. Rd3 Qe5 39. Rd1 Qe3 40. Nb5 Qe2 41. Rd8+ Kh7 42. Nxc3 Qxf3 43. Rd3 Qxg4 44. b4 Qxb4+ 45. Kc1 e5 46. Ne2 Qe1+ 0-1

[Event "*** Titled Tuesday Blitz"]
[Site "Chess.com"]
[Date "2021.04.20"]
[Round "2"]
[White "azikom"]
[Black "ShahMatKanal"]
[Result "1-0"]
[WhiteElo "2657"]
[BlackElo "2388"]
[TimeControl "180+1"]
[EndTime "10:17:30 PDT"]
[Termination "azikom won on time"]

1. c4 e6 2. Nc3 d5 3. e3 c6 4. d4 f5 5. Bd3 Nf6 6. Nge2 Bd6 7. f3 O-O 8. O-O Qc7 9. h3 Kh8 10.
Qc2 dxc4 11. Bxc4 e5 12. a3 Nbd7 13. Ba2 Nb6 14. Bd2 Bd7 15. Rad1 Rae8 16. Bc1 exd4 17. Nxd4 Nh5 18. Nde2 Bc8 19. g4 fxg4 20. hxg4 Qe7 21.
Ne4 Be5 22. gxh5 Qh4 23. Nf4 Bxf4 24. exf4 Qxh5 25. Qh2 Qxh2+ 26. Kxh2 Nd5 27. Kg3 Bf5 28. Rfe1 h6 29. Bxd5 cxd5 30. Rxd5 Rc8 31. Rc5 Rcd8 32. Rc3 b6 33. b4 Bh7 34. Rce3 a5 35. bxa5 bxa5 36.
Bb2 a4 37. Be5 Rc8 38. Rc3 Rxc3 39. Nxc3 Rc8 40. Nxa4 Bg8 41. Nc3 Ra8 42. a4 Bb3 43. Rb1 Bxa4 44. Nxa4 Rxa4 45. Rb8+ Kh7 46. Rb7 h5 47.
Rxg7+ Kh6 48. Rg8 Ra7 49. Rh8+ Kg6 50. Rf8 1-0

[Event "*** Titled Tuesday Blitz"]
[Site "Chess.com"]
[Date "2021.04.20"]
[Round "2"]
[White "pifion"]
[Black "GMJustin"]
[Result "1-0"]
[WhiteElo "2546"]
[BlackElo "2318"]
[TimeControl "180+1"]
[EndTime "10:17:30 PDT"]
[Termination "pifion won on time"]

1. d4 Nf6 2. Bf4 Nh5 3. Bg5 h6 4. Bh4 g5 5. e3 Nf6 6. Bg3 Bg7 7.
Nd2 d6 8. h4 g4 9. h5 Bf5 10. Bd3 Bxd3 11. cxd3 c6 12. Ne2 Qa5 13. Nc3 Nbd7 14. Qb3 Qb6 15. Nc4 Qxb3 16. axb3 a6 17.
Kd2 O-O 18. Na5 Rab8 19. Ne4 Nd5 20. Ke2 f5 21. Nc3 f4 22. Nxd5 f3+ 23. gxf3 gxf3+ 24. Kd2 cxd5 25. Rhg1 Kh7 26. Rac1 b6 27. Nc6 Rbe8 28. Nb4 Nf6 29. Rh1 a5 30. Na2 Rc8 31.
Nc3 Rc6 32. Bh4 Rfc8 33. Bxf6 Bxf6 34. Nxd5 Bg5 35. Rxc6 Rxc6 36. Rc1 Rxc1 37. Kxc1 b5 38. Kd2 Kg7 39. Nc3 b4 40. Ne4 Bh4 41. Ke1 1-0

[Event "*** Titled Tuesday Blitz"]
[Site "Chess.com"]
[Date "2021.04.20"]
[Round "2"]
[White "kingofthenil"]
[Black "secretsuperstar7"]
[Result "1-0"]
[WhiteElo "2638"]
[BlackElo "2237"]
[TimeControl "180+1"]
[EndTime "10:17:34 PDT"]
[Termination "kingofthenil won by checkmate"]

1. e3 c5 2. a3 g6 3. d4 cxd4 4.
exd4 Bg7 5. c3 Nf6 6. Bd3 d6 7.
Nf3 O-O 8. O-O Nc6 9. Re1 Re8 10. Bc4 d5 11. Bd3 e5 12. dxe5 Ng4 13. Bg5 Qb6 14.
Qd2 Ncxe5 15. Nxe5 Bxe5 16. Bf4 Bd7 17. Bxe5 Nxe5 18.
Be2 Rad8 19. a4 Bf5 20. Na3 d4 21. cxd4 Rxd4 22. Qc3 Rf4 23. Qg3 Rxa4 24. Rad1 Qxb2 25. Nb5 Re4 26. Nd6 Rxe2 27. Nxe8 Rxe1+ 28. Rxe1 Qd2 29. Qxe5 Kf8 30. Nf6 Kg7 31. Ne4+ f6 32. Qxf6+ Kh6 33. Qh4+ Kg7 34. Nxd2 h6 35. Re7+ Kf8 36. Qf6+ Kg8 37.
Qg7# 1-0